 Dungeon Crawl Stone Soup version 0.28-a0-973-ga7f8b01127 (webtiles) character file.

Game seed: 10597698094390521301

0 meatgazer the Skirmisher (level 1, -6/18 HPs)
             Began as a Demonspawn Abyssal Knight on Dec 1, 2021.
             Was a Follower of Lugonu.
             Mangled by a small abomination (15 damage)
             ... on level 1 of the Abyss.
             The game lasted 00:00:13 (114 turns).

meatgazer the Skirmisher (Demonspawn Abyssal Knight) Turns: 114, Time: 00:00:13

Health: -6/18      AC:  3    Str: 13    XL:     1   Next: 0%
Magic:  2/2        EV: 11    Int: 11    God:    Lugonu [*.....]
Gold:   12         SH:  0    Dex: 13    Spells: 0/0 levels left

rFire   . . .      SeeInvis .   a - +1 falchion
rCold   . . .      Faith    .   (no shield)
rNeg    . . .      Spirit   .   b - +0 leather armour
rPois   .          Reflect  .   (no helmet)
rElec   .          Harm     .   (no cloak)
rCorr   .          Rampage  .   (no gloves)
Will    .....                   (no boots)
Stlth   +.........              (no amulet)
HPRegen 0.06/turn               (no ring)
MPRegen 0.08/turn               (no ring)

@: no status effects
A: no striking features
a: Renounce Religion, Depart the Abyss


You were on level 1 of the Abyss.
You worshipped Lugonu.
Lugonu was aware of your devotion.
You visited 0 branches of the dungeon, and saw 0 of its levels.
You visited the Abyss 1 time.

You collected 12 gold pieces.

Inventory:

Hand Weapons
 a - a +1 falchion (weapon)
Armour
 b - a +0 leather armour (worn)


   Skills:
 + Level 3.0 Fighting
 + Level 1.7 Long Blades
 + Level 1.7 Armour
 + Level 0.8 Dodging
 + Level 2.4 Invocations


You couldn't memorise any spells.
You didn't know any spells.
Your spell library was empty.

Dungeon Overview and Level Annotations

Branches:
Dungeon (0/15)

Altars:


Message History

Welcome, meatgazer the Demonspawn Abyssal Knight.
The fabled Orb of Zot lies far below, as if waiting for you to find it.
Lugonu says: Depart the Abyss and spread corruption, my servant! (use the ability menu to exit the Abyss) Press ? for a list of commands and other information.
Found a corrupted altar of Lugonu.
Found a gateway leading out of the Abyss.
You now have 12 gold pieces.
Found a mace.
c - a throwing net An ufetubus comes into view.
You aren't carrying any items that you can evoke.
Throw: throwing net
Press: ? - help, Shift-Dir - straight line, f - ufetubus
Aim: an ufetubus (wandering, hasn't noticed you, 38% to hit)
You throw a throwing net.
The throwing net closely misses the ufetubus.
The ufetubus hits you. The ufetubus barely misses you.
You closely miss the ufetubus. The ufetubus hits you. x2
The ufetubus hits you but does no damage.
The ufetubus hits you.
A small abomination comes into view.
You barely miss the ufetubus. The ufetubus hits you.
The ufetubus closely misses you. The ufetubus hits you.
The ufetubus closely misses you.
You hit the ufetubus.
The ufetubus is moderately wounded.
The ufetubus barely misses you. The ufetubus misses you.
You hit the ufetubus.
The ufetubus is severely wounded.
The ufetubus closely misses you. The ufetubus misses you.
The ufetubus hits you but does no damage.
The ufetubus misses you.
You hit the ufetubus.
You kill the ufetubus!
The small abomination hits you!
Ouch! That really hurt!
You die...

.... .## .#.
.... # .)....#.
##.###....# . #
. ##. #..##..#
. #
..##.##..#..##
. ...
.##.##..##..#
..
#.#.#.....#..#
..#.##....##.##
##..##.#
##x##.## .... #
. #@...# ... #
#.#### ## ....#
. # .## ..#.
....... #..## .
...## ##..
##.#.# ## ##
###


You could see a small abomination.

Vanquished Creatures
  An ufetubus (Abyss:1)
1 creature vanquished.

Notes
Turn   | Place    | Note
-------+----------+-------------------------------------------
     0 | Abyss:1  | meatgazer the Demonspawn Abyssal Knight began the quest for
                  | the Orb.
     0 | Abyss:1  | Reached XP level 1. HP: 18/18 MP: 2/2
   110 | Abyss:1  | Noticed a small abomination
   114 | Abyss:1  | Mangled by a small abomination

Illustrated notes

Levels and vault maps discovered:
Abyss:1:  base: Temple, base:
Temple

Action                   || total
-------------------------++-------
Melee: Falchion          ||     5
Throw: Throwing net      ||     1
Armor: Leather armour    ||     2
Dodge: Dodged            ||     8

Table legend: (Time is in decaauts)
 A = Elapsed time spent in this place.
 B = Non-inter-level travel time spent in this place.
 C = Inter-level travel time spent in this place.
 D = Time resting spent in this place.
 E = Time spent auto-exploring this place.
 F = Levels seen in this place.
 G = Mean time per level.
                   A        B        C        D        E       F      G
               +--------+--------+--------+--------+--------+-----+--------+
         Total |    114 |    114 |      0 |      0 |    100 |   1 |  114.0 |
         Abyss |    114 |    114 |      0 |      0 |    100 |   1 |  114.0 |
               +--------+--------+--------+--------+--------+-----+--------+

Top non-repeatable levels by time:
 Abyss:1: 114 daAuts
